 Dungeon Crawl Stone Soup version 0.20-a0-876-g2c7b0bf (webtiles) character file.

21751 Dfrag the Destroyer (level 12, -5/74 HPs)
             Began as a Demonspawn Fire Elementalist on Mar 15, 2017.
             Was a High Priest of Vehumet.
             Slain by a molten gargoyle
             ... wielding a +0 mace
              (10 damage)
             ... on level 12 of the Dungeon.
             The game lasted 00:25:56 (11729 turns).

Dfrag the Destroyer (Demonspawn Fire Elementalist) Turns: 11729, Time: 00:25:56

Health: -5/74      AC: 18    Str: 12    XL:     12   Next: 56%
Magic:  27/27      EV: 12    Int: 20    God:    Vehumet [*****.]
Gold:   851        SH:  0    Dex: 24    Spells: 9/34 levels left

rFire    + + +     SeeInvis .   B - +8 glaive "Vuir" {venom, rF++ rC+}
rCold    . . .     Gourm    +   x - +0 troll leather armour
rNeg     . . .     Faith    .   (shield currently unavailable)
rPois    +         Spirit   .   p - +0 helmet
rElec    +         Reflect  .   G - +1 cloak
rCorr    .         Harm     .   N - +0 pair of gloves of Luruif {rElec rPois Dex+8} (curse)
MR       ++...                  (no boots)
Stlth    ++........             S - amulet of the gourmand
Regen    0.7/turn               D - ring of fire
MPRegen  0.2/turn               z - ring "Yhutoot" {rF+ MR+ Str+2}

@: sanguine armour
A: claws 2, hooves 1, agile 1, magic resistance 1, sense surroundings 1, powered
by pain 1, shaggy fur 1, spiny 1, sanguine armour 2
a: Renounce Religion


You were on level 12 of the Dungeon.
You worshipped Vehumet.
Vehumet was extremely pleased with you.
You were not hungry.

You visited 2 branches of the dungeon, and saw 13 of its levels.

You collected 1025 gold pieces.
You spent 174 gold pieces at shops.

Inventory:

Hand Weapons
 B - the +8 glaive "Vuir" (weapon) {venom, rF++ rC+}
   (You found it on level 4 of the Dungeon)

   It poisons the flesh of those it strikes.
   It greatly protects you from fire.
   It protects you from cold.
Missiles
 e - 5 silver tomahawks (quivered)
Armour
 p - a +0 helmet (worn)
 x - a +0 troll leather armour (worn)
 G - a +1 cloak (worn)
 J - a +0 robe of magic resistance
 N - the cursed +0 pair of gloves of Luruif (worn) {rElec rPois Dex+8}
   (You found it on level 12 of the Dungeon)

   It affects your dexterity (+8).
   It insulates you from electricity.
   It protects you from poison.
   It has a curse placed upon it.
Magical Staves
 j - an uncursed staff of power
Jewellery
 w - an uncursed ring of see invisible
 z - the ring "Yhutoot" (left hand) {rF+ MR+ Str+2}
   (You found it on level 9 of the Dungeon)

   [ring of protection from fire]

   It affects your strength (+2).
   It protects you from fire.
   It affects your resistance to hostile enchantments.
 D - a ring of fire (right hand)
 I - an uncursed amulet of rage {unknown}
 S - an amulet of the gourmand (around neck)
 X - an uncursed ring of protection from cold
Wands
 A - a wand of digging (9/24)
 P - a wand of iceblast (6/15)
Scrolls
 h - 2 scrolls of fear
 i - 7 scrolls of recharging
 l - 4 scrolls of random uselessness
 m - 13 scrolls of remove curse
 n - 2 scrolls of enchant armour
 t - 4 scrolls of enchant weapon
 u - 5 scrolls of magic mapping
 y - a scroll of holy word
 C - 3 scrolls of amnesia
 K - a scroll of blinking
 L - a scroll of silence
 M - 4 scrolls of fog
 Q - 3 scrolls of teleportation
 U - a scroll of brand weapon
 W - 2 scrolls of immolation
 Z - a scroll of vulnerability {unknown}
Potions
 a - 2 potions of experience {unknown}
 k - 7 potions of curing
 o - a potion of brilliance
 q - 3 potions of degeneration
 r - 3 potions of agility
 s - a potion of cancellation
 v - 4 potions of heal wounds
 F - a potion of flight {unknown}
 H - a potion of berserk rage
Books
 b - a book of Flames

   Spells                             Type                      Level
   a - Flame Tongue                   Conjuration/Fire             1
   b - Throw Flame                    Conjuration/Fire             2
   c - Conjure Flame                  Conjuration/Fire             3
   d - Inner Flame                    Hexes/Fire                   3
   e - Sticky Flame                   Conjuration/Fire             4
   f - Fireball                       Conjuration/Fire             5
 R - a book of Party Tricks

   Spells                             Type                      Level
   a - Summon Butterflies             Summoning                    1
   b - Apportation                    Translocation                1
   c - Lesser Beckoning               Translocation                3
   d - Tukima's Dance                 Hexes                        3
   e - Alistair's Intoxication        Transmutation/Poison         5
   f - Invisibility                   Hexes                        6
 T - a book of Clouds

   Spells                             Type                      Level
   a - Poisonous Vapours              Poison/Air                   2
   b - Mephitic Cloud                 Conjuration/Poison/Air       3
   c - Conjure Flame                  Conjuration/Fire             3
   d - Freezing Cloud                 Conjuration/Ice/Air          6
   e - Ring of Flames                 Charms/Fire                  7
Comestibles
 c - 7 bread rations
 f - 3 fruits
 g - 5 royal jellies
 E - 10 meat rations


   Skills:
 - Level 1.7 Dodging
 - Level 1.7 Stealth
 + Level 11.5 Spellcasting
 + Level 12.1 Conjurations
 + Level 11.4 Fire Magic


You had 9 spell levels left.
You knew the following spells:

 Your Spells              Type           Power        Failure   Level  Hunger
a - Flame Tongue          Conj/Fire      #####        1%          1    None
b - Conjure Flame         Conj/Fire      ######..     1%          3    None
c - Sticky Flame          Conj/Fire      ######..     1%          4    #......
d - Fireball              Conj/Fire      ######....   1%          5    ####...
e - Freezing Cloud        Conj/Ice/Air   ####......   80%         6    ######.
f - Bolt of Cold          Conj/Ice       #####.....   47%         6    ######.


Dungeon Overview and Level Annotations

Branches:
Dungeon (12/15)            Temple (0/1) D:5            Lair (0/6) D:10
    Orc (1/2) D:9

Altars:
Ashenzari
Fedhas
Kikubaaqudgha
Nemelex Xobeh
Okawaru
Qazlal
Ru
Uskayaw
Vehumet
Yredelemnul
The Shining One
Beogh

Shops:
D:6 ![*   D:10 :


Innate Abilities, Weirdness & Mutations

You have very sharp fingernails.
You sometimes gain a little power by taking damage.
You are partially covered in sharp spines.
When seriously injured, your bleeding wounds create thick armour. (AC +9)
You have large cloven feet.
You are agile. (Dex +2)
You are resistant to hostile enchantments. (MR+)
You passively map a small area around you.
You are covered in fur. (AC +1)


Message History

The bolt of magma hits you! You partially resist.
The molten gargoyle hits you but does no damage.
You are too injured to fight recklessly!
You hit the molten gargoyle.
You kick the molten gargoyle, but do no damage.
The molten gargoyle is heavily damaged.
The molten gargoyle hits you with a mace!
* * * LOW HITPOINT WARNING * * *
You are engulfed in flames.
You resist.
* * * LOW HITPOINT WARNING * * *
You slash the molten gargoyle!
You kick the molten gargoyle, but do no damage.
The molten gargoyle is severely damaged.
The molten gargoyle is struck by your spines.
The molten gargoyle hits you with a mace!
* * * LOW HITPOINT WARNING * * *
You are engulfed in flames.
You resist.
* * * LOW HITPOINT WARNING * * *
The molten gargoyle hits you with a mace!
You die...

≈§≈≈≈, #......[# #..#..##
≈§≈≈S ## #.......# #..#..##
≈ ≈.§,#.#
#.......######.....## ,*
#.#.##
#.................... #.#.#
#......(.......###... *,
#..######.......#####..#
#... ###....[..........#
#..# #...
#................)).# #..#
#... #.......####...9@)).#
#..# #... #.###...#
#.....)..# #..# #... #
#...# #.....(..# #..# #...
#...# #........# #..# #...
#...# #........# #..# #...
* #...# #........#####..#
#... ,
*,..####....).)(.......#
#... ..............)......#
#...
............)..#####.###.##


You could see a molten gargoyle.

Vanquished Creatures
  The ghost of drock42 the Cleaver, a journeyman HOFi of Qazlal (D:11)
  2 hydras (D:12)
  2 two-headed ogres
  The ghost of MisterAzrael the Cleaver, a novice MiFi of Hepliaklqana (D:8)
  An orc knight (Orc:1)
  2 ugly things
  2 manticores
  An elephant (D:10)
  Maurice (D:11)
  A molten gargoyle (D:12)
  Psyche (D:9)
  A centaur skeleton (D:12)
  4 trolls
  4 hippogriffs
  2 centaur simulacra (D:10)
  A meliai zombie (D:12)
  A wraith (D:12)
  A shadow (D:12)
  A wyvern (D:8)
  14 yaks
  A hungry ghost (D:7)
  A soldier ant (D:10)
  A water moccasin (D:10)
  An acid dragon (D:12)
  24 orc warriors
  2 ice beasts
  3 black bears
  4 phantoms
  A sky beast (D:8)
  A necrophage (D:8)
  9 ogres
  The ghost of Dfrag the Grave Robber, an amateur DDNe (D:3)
  4 centaurs
  2 wolves (D:10)
  3 crocodiles (D:10)
  4 big kobolds
  9 bullfrogs
  A wyvern zombie (D:12)
  A gnoll sergeant (D:6)
  A wyvern skeleton (D:6)
  5 scorpions
  3 killer bees (D:9)
  3 howler monkeys
  8 electric eels
  A bullfrog zombie (D:9)
  9 crimson imps
  A wyvern simulacrum (D:10)
  A centaur zombie (D:12)
  4 hounds
  25 orc priests
  6 bullfrog skeletons
  2 jellies
  20 orc wizards
  3 iguanas
  5 worker ants
  2 bullfrog simulacra (D:10)
  2 hound zombies
  7 adders
  4 gnolls (D:6)
  A hound simulacrum (D:10)
  A shadow imp (D:9)
  3 white imps (D:10)
  A worker ant simulacrum (D:10)
  An ooze (D:1)
  2 worms
  2 dart slugs (D:2)
  9 leopard geckos
  85 orcs
  5 giant cockroaches
  8 goblins
  8 hobgoblins
  3 jackals (D:6)
  7 quokkas
  6 bats
  7 frilled lizards
  26 kobolds
  2 leopard gecko skeletons (D:7)
  A quokka skeleton (D:5)
  7 rats
414 creatures vanquished.

Vanquished Creatures (others)
  A molten gargoyle (D:12)
1 creature vanquished.

Grand Total: 415 creatures vanquished

Notes
Turn   | Place    | Note
-------+----------+-------------------------------------------
     0 | D:1      | Dfrag the Demonspawn Fire Elementalist began the quest for the Orb.
     0 | D:1      | Reached XP level 1. HP: 13/13 MP: 3/3
   177 | D:1      | Gained mutation: You are partially covered in sharp spines. [demonic ancestry]
   177 | D:1      | Reached XP level 2. HP: 11/19 MP: 0/5
  1006 | D:2      | Gained mutation: When seriously injured, your bleeding wounds create armour. (AC +9) [demonic ancestry]
  1006 | D:2      | Reached XP level 3. HP: 24/24 MP: 3/6
  1098 | D:2      | Reached skill level 2 in Conjurations
  1531 | D:2      | Learned a level 3 spell: Conjure Flame
  1568 | D:3      | Found a glowing golden altar of the Shining One.
  1704 | D:3      | Found a stormy altar of Qazlal.
  1704 | D:3      | Found a sparkling altar of Nemelex Xobeh.
  1705 | D:3      | Found a radiant altar of Vehumet.
  1711 | D:3      | Reached XP level 4. HP: 30/30 MP: 5/8
  1833 | D:3      | Became a worshipper of Vehumet
  1916 | D:3      | Noticed Dfrag's ghost (amateur DDNe)
  1931 | D:3      | Killed Dfrag's ghost
  1931 | D:3      | Reached skill level 3 in Conjurations
  1931 | D:3      | Gained mutation: You sometimes gain a little power by taking damage. [demonic ancestry]
  1931 | D:3      | Reached XP level 5. HP: 21/35 MP: 0/10
  2186 | D:3      | Gained mutation: You have sharp fingernails. [demonic ancestry]
  2186 | D:3      | Reached XP level 6. HP: 27/41 MP: 11/11
  2569 | D:3      | Reached * piety under Vehumet
  2569 | D:3      | Offered knowledge of Sting by Vehumet.
  2657 | D:4      | Found an iron altar of Okawaru.
  2707 | D:4      | Got a sapphire glaive
  2708 | D:4      | Identified the +8 glaive "Vuir" {venom, rF++ rC+} (You found it on level 4 of the Dungeon)
  3339 | D:4      | Reached skill level 4 in Conjurations
  3541 | D:4      | Found a blossoming altar of Fedhas.
  3606 | D:5      | Entered Level 5 of the Dungeon
  3628 | D:5      | Reached XP level 7. HP: 43/46 MP: 13/13
  3654 | D:5      | Learned a level 4 spell: Sticky Flame
  3791 | D:5      | Reached skill level 5 in Fire Magic
  3863 | D:5      | Found a staircase to the Ecumenical Temple.
  3873 | D:5      | Reached skill level 5 in Spellcasting
  3873 | D:5      | Reached skill level 5 in Conjurations
  4201 | D:6      | Found Kirchou's Distillery.
  4210 | D:6      | Bought a potion of degeneration for 12 gold pieces
  4210 | D:6      | Bought a potion of lignification for 36 gold pieces
  4210 | D:6      | Bought a potion of curing for 36 gold pieces
  4238 | D:6      | Gained mutation: You have very sharp fingernails. [demonic ancestry]
  4238 | D:6      | Reached XP level 8. HP: 43/52 MP: 14/16
  4304 | D:6      | Offered knowledge of Sandblast by Vehumet.
  4305 | D:6      | Reached ** piety under Vehumet
  4374 | D:6      | Found Reoruc's Antique Armour Shop.
  4736 | D:6      | Reached skill level 6 in Conjurations
  4749 | D:6      | Found Zeoquor's General Store.
  4765 | D:6      | Bought a scroll of blinking for 90 gold pieces
  4879 | D:6      | Found a sacrificial altar of Ru.
  4913 | D:6      | Found a basalt altar of Yredelemnul.
  4935 | D:6      | Found a hide-covered altar of Uskayaw.
  5053 | D:6      | Offered knowledge of Stone Arrow by Vehumet.
  5066 | D:6      | Gained mutation: When seriously injured, your bleeding wounds create thick armour. (AC +9) [demonic ancestry]
  5066 | D:6      | Reached XP level 9. HP: 50/57 MP: 9/19
  5275 | D:7      | Reached skill level 7 in Conjurations
  5492 | D:7      | Reached *** piety under Vehumet
  5508 | D:7      | Learned a level 5 spell: Fireball
  6162 | D:8      | Noticed MisterAzrael's ghost (novice MiFi)
  6166 | D:8      | Killed MisterAzrael's ghost
  6179 | D:7      | Offered knowledge of Dazzling Spray by Vehumet.
  6201 | D:7      | Reached skill level 8 in Conjurations
  6767 | D:8      | Noticed a two-headed ogre
  6774 | D:8      | Reached **** piety under Vehumet
  6783 | D:8      | Killed a two-headed ogre
  6783 | D:8      | Reached XP level 10. HP: 25/62 MP: 22/22
  7051 | D:8      | Noticed a cyclops
  7052 | D:8      | Noticed a two-headed ogre
  7171 | D:8      | Gained mutation: You are agile. (Dex +2) [mutagenic meat]
  7172 | D:8      | Lost mutation: You are agile. (Dex +2) [mutagenic meat]
  7173 | D:8      | Gained mutation: You can translocate small distances at will. [mutagenic meat]
  7174 | D:8      | Gained mutation: You are dopey. (Int -2) [mutagenic meat]
  7192 | D:8      | Lost mutation: You are dopey. (Int -2) [potion of mutation]
  7192 | D:8      | Lost mutation: You can translocate small distances at will. [potion of mutation]
  7192 | D:8      | Gained mutation: Your muscles are strong. (Str +2) [potion of mutation]
  7192 | D:8      | Gained mutation: Armour fits poorly on your strangely shaped body. [potion of mutation]
  7192 | D:8      | Gained mutation: You can translocate small distances at will. [potion of mutation]
  7194 | D:8      | Lost mutation: Your muscles are strong. (Str +2) [potion of mutation]
  7194 | D:8      | Lost mutation: Armour fits poorly on your strangely shaped body. [potion of mutation]
  7194 | D:8      | Lost mutation: You can translocate small distances at will. [potion of mutation]
  7194 | D:8      | Gained mutation: You occasionally shout uncontrollably at your foes. [potion of mutation]
  7194 | D:8      | Gained mutation: You are agile. (Dex +2) [potion of mutation]
  7195 | D:8      | Lost mutation: You are agile. (Dex +2) [potion of mutation]
  7195 | D:8      | Lost mutation: You occasionally shout uncontrollably at your foes. [potion of mutation]
  7195 | D:8      | Gained mutation: You tend to lose your temper in combat. [potion of mutation]
  7195 | D:8      | Gained mutation: You do not regenerate when monsters are visible. [potion of mutation]
  7195 | D:8      | Lost mutation: You tend to lose your temper in combat. [potion of mutation]
  7195 | D:8      | Gained mutation: You possess an exceptional clarity of mind. [potion of mutation]
  7196 | D:8      | Lost mutation: You possess an exceptional clarity of mind. [potion of mutation]
  7196 | D:8      | Lost mutation: You do not regenerate when monsters are visible. [potion of mutation]
  7196 | D:8      | Gained mutation: You have large cloven feet. [potion of mutation]
  7196 | D:8      | Gained mutation: You are resistant to hostile enchantments. (MR+) [potion of mutation]
  7678 | D:9      | Found an ancient bone altar of Kikubaaqudgha.
  7723 | D:9      | Noticed Psyche
  7729 | D:9      | Killed Psyche
  7729 | D:9      | Reached skill level 9 in Conjurations
  7730 | D:9      | Offered knowledge of Force Lance by Vehumet.
  8360 | D:9      | Noticed a green ugly thing
  8371 | D:9      | Killed a green ugly thing
  8390 | D:9      | Got a fine gossamer ring
  8590 | D:9      | Reached XP level 11. HP: 37/68 MP: 24/24
  8644 | D:9      | Found a staircase to the Orcish Mines.
  8674 | D:9      | Reached skill level 10 in Conjurations
  8779 | Orc:1    | Entered Level 1 of the Orcish Mines
  8782 | Orc:1    | Reached ***** piety under Vehumet
  8782 | Orc:1    | Offered knowledge of Freezing Cloud by Vehumet.
  8943 | Orc:1    | Noticed an orc knight
  8952 | Orc:1    | Killed an orc knight
  9082 | D:10     | Entered Level 10 of the Dungeon
  9082 | D:10     | Found Iptied's Book Boutique.
  9097 | D:10     | Learned a level 6 spell: Freezing Cloud
  9251 | D:10     | Reached skill level 10 in Spellcasting
  9251 | D:10     | Reached skill level 10 in Fire Magic
  9266 | D:10     | Found a staircase to the Lair.
  9446 | D:10     | Identified the ring "Yhutoot" {rF+ MR+ Str+2} (You found it on level 9 of the Dungeon)
  9635 | D:10     | Found a shattered altar of Ashenzari.
  9804 | D:11     | Noticed a purple ugly thing
  9809 | D:11     | Killed a purple ugly thing
  9813 | D:11     | Gained mutation: You are agile. (Dex +2) [mutagenic meat]
  9814 | D:11     | Gained mutation: You are covered in fur. (AC +1) [mutagenic meat]
  9815 | D:11     | Gained mutation: You passively map a small area around you. [mutagenic meat]
  9955 | D:11     | Reached skill level 11 in Conjurations
 10009 | D:11     | Found a roughly hewn altar of Beogh.
 10108 | D:11     | Offered knowledge of Bolt of Cold by Vehumet.
 10269 | D:11     | Reached XP level 12. HP: 74/74 MP: 19/26
 10352 | D:11     | Identified a scroll of acquirement
 10477 | D:11     | Noticed Maurice
 10485 | D:11     | Killed Maurice
 10671 | D:11     | Noticed drock42's ghost (journeyman HOFi)
 10698 | D:11     | Killed drock42's ghost
 10913 | D:12     | Noticed a four-headed hydra
 10918 | D:12     | Killed a four-headed hydra
 10928 | D:12     | Learned a level 6 spell: Bolt of Cold
 10932 | D:12     | Noticed a four-headed hydra
 10935 | D:12     | Noticed a two-headed ogre
 10939 | D:12     | Killed a five-headed hydra
 10951 | D:11     | Killed a two-headed ogre
 11160 | D:12     | Got a pair of spiked gloves
 11171 | D:12     | Identified the cursed +0 pair of gloves of Luruif {rElec rPois Dex+8} (You found it on level 12 of the Dungeon)
 11294 | D:12     | Reached skill level 12 in Conjurations
 11729 | D:12     | Slain by a molten gargoyle

Vault maps used:
D:1:      lightli_arrival_boilingwater, roderic_hopi_sauvastika
D:3:      nicolae_overflow_hidden_temple, gammafunk_temple_overflow_claw
D:4:      marbit_many_paths, first_bread, corexii_item_surrounded_by_moat,
          okawaru_ov_weapons_minmay
D:5:      minmay_temple_entry_butterflies
D:6:      kennysheep_little_box, lemuel_round_altar, serial_shops, shop, shop,
          nicolae_shop_statue_plus, basic_altar
D:7:      wad_lake_hut
D:8:      grunt_ogre_cave, kennysheep_island_fort
D:9:      kennysheep_windowed_halls, lemuel_doored_altar, david_orc_1_choice,
          uniq_psyche
D:10:     david_lair_generic, serial_ice, serial_ice_h, serial_ice_j,
          serial_ice_d, serial_ice_o, serial_ice_b, serial_ice_g, serial_shops,
          nicolae_shop_crystal, evilmike_ruin_ashenzari
D:11:     special_room, uniq_maurice
D:12:     minivault_8

Skill      XL: |  1  2  3  4  5  6  7  8  9 10 11 12 |
---------------+-------------------------------------+-----
Fire Magic     | 3 4 5 6 8 9 10 11 | 11.4
Conjurations   | 2 3 4 5 6 8 9 11 12 | 12.1
Spellcasting   | 3 4 5 6 8 9 10 11 | 11.5
Dodging        | |  1.7
Stealth        | |  1.7

Action                   |  1- 3 |  4- 6 |  7- 9 | 10-12 || total
-------------------------+-------+-------+-------+-------++-------
Melee: Unarmed           |    18 |       |       |       ||    18
       Mace              |       |    48 |       |       ||    48
       Glaive            |       |    24 |   105 |   234 ||   363
       Kick              |       |       |       |    45 ||    45
       Staff             |       |       |       |     3 ||     3
 Cast: Flame Tongue      |    70 |    72 |    98 |    78 ||   318
       Sticky Flame      |       |       |     8 |    38 ||    46
       Fireball          |       |       |    11 |    81 ||    92
  Use: Scroll            |       |       |     9 |    10 ||    19
       Potion            |       |       |       |    13 ||    13
 Stab: Sleeping          |       |       |     7 |     2 ||     9
  Eat: Chunk             |     3 |     5 |    16 |    47 ||    71
       Royal jelly       |       |       |       |     1 ||     1
Armor: Robe              |    11 |    19 |    21 |     9 ||    60
       Troll leather arm |       |       |       |   111 ||   111
       Skin              |       |       |       |    12 ||    12
Dodge: Dodged            |    34 |    65 |    94 |   219 ||   412
